 Dungeon Crawl Stone Soup version 0.26-a0-818-g75db068ed4 (webtiles) character file.

Game seed: 13949475339810853245

2340 marklar909 the Insei (level 9, -1/72 HPs)
             Began as a Green Draconian Transmuter on Nov 14, 2020.
             Was a Follower of Ashenzari.
             Killed from afar by Maggie (23 damage)
             ... with a bolt of fire
             ... on level 6 of the Dungeon.
             The game lasted 00:13:17 (10019 turns).

marklar909 the Insei (Green Draconian Transmuter)  Turns: 10019, Time: 00:13:18

Health: -1/72      AC:  9    Str: 12    XL:     9   Next: 19%
Magic:  12/12      EV:  9    Int: 15    God:    Ashenzari [*.....]
Gold:   278        SH: 12    Dex: 14    Spells: 6/12 levels left

rFire    . . .     SeeInvis .     - Unarmed
rCold    . . .     Faith    .   a - +0 tower shield
rNeg     . . .     Spirit   .   (armour unavailable)
rPois    +         Reflect  .   (helmet restricted)
rElec    .         Harm     .   i - +0 cloak
rCorr    .         Rampage  .   u - +0 pair of gloves (curse)
MR       .....                  (no boots)
Stlth    +.........             k - amulet of magic regeneration
HPRegen  0.22/turn              (no ring)
MPRegen  0.38/turn              (no ring)

@: short of breath, wereblooded (expiring), mesmerised, heavily drained
A: breathe noxious fumes, unfitting armour, poison resistance, cold-blooded, AC
+7
a: Breathe Noxious Fumes, Curse Item, Scrying, Renounce Religion


You were on level 6 of the Dungeon.
You worshipped Ashenzari.
Ashenzari was aware of your devotion.
You visited 1 branch of the dungeon, and saw 7 of its levels.

You collected 278 gold pieces.

Inventory:

Missiles
 q - 29 poisoned darts (quivered)
Armour
 a - a +0 tower shield (worn)
 b - a +0 buckler
 i - a +0 cloak (worn)
 u - a cursed +0 pair of gloves (worn)
Jewellery
 k - an amulet of magic regeneration (around neck)
 r - an uncursed ring of fire
 C - an uncursed ring of wizardry
Wands
 t - a wand of polymorph (9)
 y - a wand of iceblast (8)
 B - a wand of flame (18)
Scrolls
 d - a scroll of magic mapping
 e - 8 scrolls of identify
 g - 2 scrolls of fog {unknown}
 j - a scroll of teleportation
 p - a scroll of fear {unknown}
 s - a scroll of amnesia {unknown}
 v - 7 scrolls of remove curse
 w - a scroll of blinking {unknown}
 D - a scroll of noise {unknown}
Potions
 c - a potion of flight
 f - 2 potions of curing
 h - a potion of berserk rage {unknown}
 l - a potion of invisibility {unknown}
 m - 2 potions of heal wounds {unknown}
 n - 2 potions of attraction {unknown}
 o - 2 potions of lignification
 x - a potion of might {unknown}
 z - 3 potions of brilliance {unknown}
 A - 2 potions of degeneration {unknown}


   Skills:
 * Level 4.5(2.5) Fighting
 * Level 5.4(3.3) Dodging
 + Level 1.8(0.0) Stealth
 + Level 4.6(2.6) Shields
 + Level 6.8(4.7) Unarmed Combat
 - Level 2.0(0.1) Spellcasting
 * Level 6.0(3.9) Transmutations
 + Level 1.9(0.0) Poison Magic


You had 6 spell levels left.
You knew the following spells:

 Your Spells              Type           Power        Failure   Level
a - Beastly Appendage     Tmut           ##....       67%         1
b - Wereblood             Tmut           ##......     82%         2
c - Spider Form           Tmut/Pois      #.........   100%        3

Your spell library contained the following spells:

 Spells                   Type           Power        Failure   Level
 Ice Form                 Ice/Tmut       #.......     100%        4
 Blade Hands              Tmut           ##........   100%        5


Dungeon Overview and Level Annotations

Branches:
Dungeon (7/15)             Temple (0/1) D:5

Altars:
Ashenzari
Makhleb
Sif Muna
Trog
Zin

Annotations:
D:5 Jessica
D:6 Maggie


Innate Abilities, Weirdness & Mutations

You can breathe blasts of noxious fumes.
Your lurid green scales are hard. (AC +7)
You cannot fit into any form of body armour.
Your system is resistant to poisons. (rPois)
You are cold-blooded and may be slowed by cold attacks.


Message History

Aim: Maggie, wielding a +2 broad axe of draining and wearing +0 swamp dragon scales (severely wounded, mesmerising)
You exhale a blast of noxious fumes.
The blast of choking fumes hits Maggie.
Maggie completely resists.
Maggie is severely wounded.
Maggie practices a pose.
Maggie hits you with a +2 broad axe of draining!
You feel drained.
* * * LOW HITPOINT WARNING * * *
Unknown command.
Unknown command.
Unknown command.
You hit Maggie but do no damage.
Maggie is severely wounded.
Your primal bloodlust is almost over.
Maggie hits you but does no damage.
You feel drained.
You hit Maggie.
Maggie is severely wounded.
Maggie gestures at you while chanting. The bolt of fire hits you!!
You die...

## #.#.....#.....[.......+
#.............###÷....#
##########...#.....# ##..###
#......# #.....##+#####..###
#......# #..#...............
##......###..#.......###.....
#.........†..## ... #..###
.............# .. #..#
.........##.@# . ....
.........##.@# #..##
............○.. #..#
.........##.○.... ....
.........##.○...... ...#
.........##.#......
####+##..##.#......
...##.#...##. .. .


You could see Maggie (mesmerising).

Vanquished Creatures
  A two-headed ogre (D:7)
  Edmund (D:5)
  Duvessa (D:4)
  A black bear (D:7)
  An ogre (D:5)
  2 centaurs
  A necrophage (D:7)
  A bullfrog (D:6)
  A wyvern skeleton (D:4)
  A scorpion (D:6)
  Dowan (D:4)
  2 howler monkeys
  4 wights
  A centaur zombie (D:7)
  3 orc priests
  A hound (D:4)
  2 iguanas
  5 worker ants
  A hound zombie (D:6)
  A hound skeleton (D:2)
  5 adders
  7 gnolls
  A shadow imp (D:5)
  3 white imps
  2 oozes (D:4)
  4 worms
  3 dart slugs
  3 leopard geckos
  14 orcs
  11 bats
  3 giant cockroaches
  3 goblins
  11 hobgoblins
  11 jackals
  8 kobolds
  5 quokkas
  2 ball pythons
  A ball python skeleton (D:5)
  2 frilled lizards
  A jackal zombie (D:5)
  8 rats
140 creatures vanquished.

Vanquished Creatures (others)
  A wizard (D:5)
1 creature vanquished.

Grand Total: 141 creatures vanquished

Notes
Turn   | Place    | Note
-------+----------+-------------------------------------------
     0 | D:1      | marklar909 the Draconian Transmuter began the quest for the
                  | Orb.
     0 | D:1      | Reached XP level 1. HP: 16/16 MP: 3/3
   299 | D:1      | Reached XP level 2. HP: 23/23 MP: 5/5
   808 | D:1      | Reached skill level 1 in Shields
   977 | D:1      | Reached XP level 3. HP: 28/28 MP: 6/6
  1471 | D:2      | Reached XP level 4. HP: 28/35 MP: 7/7
  2697 | D:3      | Found a bloodstained altar of Trog.
  2773 | D:3      | Learned a level 2 spell: Wereblood
  2777 | D:3      | Learned a level 3 spell: Spider Form
  3008 | D:3      | Found a broken altar of Ashenzari.
  3021 | D:3      | Reached XP level 5. HP: 34/41 MP: 8/8
  3029 | D:3      | Became a worshipper of Ashenzari the Shackled
  3209 | D:3      | HP: 2/41 [poisoned by a gnoll]
  3901 | D:4      | Noticed Dowan
  3903 | D:4      | Noticed Edmund
  3961 | D:5      | Entered Level 5 of the Dungeon
  4317 | D:5      | Noticed an ogre
  4330 | D:5      | Killed an ogre
  4331 | D:5      | Reached XP level 6. HP: 48/48 MP: 6/9
  4546 | D:5      | Found a burning altar of Makhleb.
  4606 | D:5      | Found a bloodstained altar of Trog.
  4609 | D:5      | Noticed a wizard
  4613 | D:5      | Killed a wizard
  5082 | D:5      | Found a staircase to the Ecumenical Temple.
  5100 | D:5      | Noticed Jessica
  5112 | D:5      | Found a shimmering blue altar of Sif Muna.
  5656 | D:5      | Killed Edmund
  5657 | D:5      | Reached skill level 1 in Stealth
  5657 | D:5      | Reached skill level 5 in Unarmed Combat
  5657 | D:5      | Your scales start taking on a lurid green colour.
  5657 | D:5      | Reached XP level 7. HP: 7/56 MP: 10/10
  5657 | D:5      | Gained mutation: Your system is resistant to poisons.
                  | (rPois) [Green Draconian growth]
  6600 | D:4      | Noticed Duvessa
  6649 | D:4      | Killed Dowan
  6655 | D:4      | Killed Duvessa
  6656 | D:4      | Reached skill level 1 in Poison Magic
  7964 | D:4      | Reached XP level 8. HP: 60/63 MP: 11/11
  8447 | D:6      | Found a broken altar of Ashenzari.
  8933 | D:7      | Reached skill level 5 in Transmutations
  9343 | D:7      | Found a glowing silver altar of Zin.
  9399 | D:7      | Noticed a two-headed ogre
  9438 | D:7      | Killed a two-headed ogre
  9439 | D:7      | Reached skill level 5 in Dodging
  9439 | D:7      | Reached XP level 9. HP: 72/72 MP: 12/12
  9967 | D:6      | Reached * piety under Ashenzari
  9982 | D:6      | Noticed Maggie
 10019 | D:6      | Killed from afar by Maggie

Illustrated notes

Levels and vault maps discovered:
D:1:      dpeg_arrival_signposts, layout_loops_ring, hangedman_glass_teeth,
          glass_columns_b
D:2:      layout_loops_ring, supply_closet_lemuel
D:3:      layout_rooms, overflow_temple_1_default, old_standard_altar
D:4:      layout_cave_pods, grunt_ministairs_6, uniq_edmund, uniq_duvessa
D:5:      layout_loops_ring, tgw_sif, temple_hall, basic_altar, trog_wizard
D:6:      layout_basic, gammafunk_temple_overflow_pools, lemuel_altar_in_water,
          uniq_maggie
D:7:      layout_basic, zin_treasury

Skill      XL: |  1  2  3  4  5  6  7  8  9 |
---------------+----------------------------+-----
Dodging        | 2 3 4 5 |  5.4
Shields        | 1 2 3 4 |  4.6
Unarmed Combat | 4 5 6 |  6.8
Fighting       | 2 3 4 |  4.5
Transmutations | 3 4 5 6 |  6.0
Stealth        | 1 |  1.8
Poison Magic   | 1 |  1.9
Spellcasting   | |  2.0

Action                   |  1- 3 |  4- 6 |  7- 9 || total
-------------------------+-------+-------+-------++-------
Melee: Unarmed           |   134 |   241 |   253 ||   628
       Tailslap          |    14 |    18 |    21 ||    53
       Kick              |     1 |    26 |    37 ||    64
       Headbutt          |       |    17 |    24 ||    41
 Cast: Beastly Appendage |     1 |    26 |    15 ||    42
       Wereblood         |       |    14 |    12 ||    26
       Spider Form       |       |     3 |    12 ||    15
 Abil: Breathe Noxious F |       |       |     7 ||     7
       End Transformatio |       |       |     1 ||     1
  Use: Scroll            |       |     4 |       ||     4
       Potion            |       |     1 |     2 ||     3
 Stab: Sleeping          |     1 |       |     1 ||     2
Armor: Skin              |    47 |    51 |    47 ||   145
Dodge: Dodged            |    39 |   133 |   183 ||   355
Block: Tower shield      |    74 |    24 |    10 ||   108
       Buckler           |       |    27 |    24 ||    51

Table legend: (Time is in decaauts)
 A = Elapsed time spent in this place.
 B = Non-inter-level travel time spent in this place.
 C = Inter-level travel time spent in this place.
 D = Time resting spent in this place.
 E = Time spent auto-exploring this place.
 F = Levels seen in this place.
 G = Mean time per level.
                   A        B        C        D        E       F      G
               +--------+--------+--------+--------+--------+-----+--------+
         Total |  10028 |   9615 |    413 |   2725 |   4951 |   7 | 1432.6 |
       Dungeon |  10028 |   9615 |    413 |   2725 |   4951 |   7 | 1432.6 |
               +--------+--------+--------+--------+--------+-----+--------+

Top non-repeatable levels by time:
     D:5: 2627 daAuts
     D:4: 1712 daAuts
     D:1: 1512 daAuts
     D:3: 1407 daAuts
     D:2: 1197 daAuts
     D:7: 1103 daAuts
     D:6: 468 daAuts
